Map: Redshift LE

Players

puCK (Nina)

  • Race: Protoss Protoss
  • League: Grandmaster
  • Spawn Location: 7:00

Elazer - Winner!

  • Race: Zerg Zerg
  • Spawn Location: 11:00

Event: WCS Austin 2018

VOD

Have the link to the VOD?

Description

Time

  • Played on: June 1, 2018, 10:58 p.m.
  • Length: 25:48

All games in this series

Show
View Real Time Build Order
Export as new Build Order

puCK Protoss 

Build Orders: 1 Gate Expand, Proxy Void Ray 

Get SALT Encoding   

  12  0:00  Probe  
  13  0:12  Probe  
  14  0:17  Pylon  
  14  0:24  Probe  
  15  0:34  Probe  
  15  0:35  Gateway  
  15  0:42  Probe  
  16  0:43  Assimilator  
  17  0:52  Probe  
  18  1:04  Probe  
  19  1:16  Probe  
  20  1:23  Nexus  
  20  1:33  Cybernetics Core  
  20  1:35  Probe  
  21  1:47  Probe  
  21  1:48  Assimilator  
  21  1:51  Pylon  
  22  2:00  Probe  
  23  2:01  Adept  
  23  2:12  Probe, Warp Gate  
  26  2:25  Probe  
  26  2:27  Stargate  
  27  2:33  Adept  
  27  2:36  Probe  
  29  2:37  Probe  
  31  2:44  Probe  
  31  2:50  Probe  
  33  2:52  Probe  
  34  3:02  Void Ray, Probe  
  34  3:03  Probe  
  36  3:09  Assimilator  
  36  3:11  Assimilator  
  40  3:14  Probe  
  40  3:15  Probe  
  42  3:25  Pylon  
  42  3:26  Probe  
  43  3:30  Probe  
  44  3:38  Probe  
  44  3:39  Stargate  
  43  3:42  Probe  
  43  3:44  Shield Battery  
  43  3:46  Shield Battery  
  44  3:50  Probe  
  44  3:54  Probe  
  46  3:58  Void Ray  
  46  4:02  Probe  
  51  4:06  Probe  
  52  4:10  Pylon  
  53  4:19  Stargate  
  53  4:23  Pylon  
  52  4:25  Zealot  
  52  4:31  Pylon  
  54  4:34  Void Ray  
  54  4:35  Void Ray  
  54  4:38  Pylon  
  62  4:47  Pylon  
  62  4:52  Void Ray  
  62  4:54  Nexus  
  62  5:06  Zealot  
  68  5:13  Shield Battery, Twilight Council  
  68  5:17  Pylon  
  68  5:24  Void Ray x2  
  71  5:30  Zealot  
  77  5:44  Void Ray  
  81  5:59  Void Ray, Probe  
  81  6:03  Charge  
  78  6:06  Gateway, Probe x2  
  78  6:07  Gateway  
  84  6:15  Sentry  
  84  6:18  Probe x2  
  87  6:20  Probe  
  87  6:24  Pylon  
  89  6:30  Probe x2  
  91  6:32  Probe  
  91  6:33  Assimilator  
  91  6:37  Templar Archives  
  92  6:41  Assimilator  
  92  6:42  Probe x2  
  94  6:53  Probe  
  95  6:59  Psionic Storm  
  95  7:01  Void Ray x2, Probe  
  88  7:02  Probe  
  88  7:06  Forge  
  97  7:08  Probe  
  97  7:10  Gateway  
  97  7:11  Gateway  
  97  7:13  Probe  
  97  7:14  Gateway, Probe  
  100  7:20  Probe  
  101  7:24  Zealot  
  101  7:25  Zealot, Probe  
  101  7:27  High Templar, Pylon  
  108  7:31  Probe  
  108  7:35  Pylon  
  108  7:36  Pylon  
  109  7:38  Assimilator  
  109  7:42  Probe  
  108  7:44  Probe  
  108  7:45  High Templar x2  
  113  7:52  Gateway  
  113  7:55  Gateway  
  112  8:05  Gateway, Nexus  
  112  8:07  High Templar  
  114  8:13  Probe  
  114  8:18  Zealot x2  
  108  8:29  Probe  
  108  8:32  Archon  
  104  8:37  Probe  
  104  8:39  Zealot  
  104  8:40  Zealot x2  
  104  8:41  Probe  
  93  8:44  Zealot x2  
  93  8:45  Zealot, Probe  
  79  8:49  Probe  
  76  8:57  High Templar x2  
  76  9:01  High Templar  
  82  9:10  Zealot x4  
  82  9:13  Zealot  
  82  9:16  High Templar  
  94  9:20  Protoss Ground Weapons Level 1  
  94  9:22  Robotics Facility  
  94  9:28  High Templar x2  
  94  9:29  Probe  
  99  9:32  Archon  
  99  9:34  Zealot  
  99  9:36  High Templar  
  103  9:43  Assimilator  
  103  9:46  High Templar  
  103  9:49  Zealot x4  
  111  10:00  Shield Battery, Probe x3  
  114  10:14  Probe  
  115  10:15  Observer  
  115  10:18  Probe  
  115  10:20  High Templar x3  
  120  10:24  Robotics Facility  
  120  10:25  Pylon  
  117  10:33  Pylon  
  115  10:37  Zealot x3  
  115  10:42  Photon Cannon  
  121  10:46  Zealot x3  
  127  10:53  Zealot x3  
  127  10:55  Immortal  
  133  11:00  High Templar x2  
  141  11:06  Robotics Facility  
  141  11:07  Immortal  
  135  11:15  Pylon, Protoss Ground Weapons Level 2  
  133  11:21  Pylon  
  133  11:23  High Templar x2  
  141  11:29  Archon  
  141  11:32  Immortal  
  141  11:33  Pylon x2  
  141  11:35  Photon Cannon  
  141  11:36  High Templar  
  143  11:45  Photon Cannon  
  147  11:50  Observer  
  147  11:51  Zealot x2  
  147  11:54  Observer, Probe  
  154  12:06  Nexus  
  148  12:20  Zealot  
  148  12:21  Zealot x6  
  162  12:26  Pylon  
  160  12:30  High Templar x2  
  164  12:42  Immortal  
  120  13:00  Zealot x5  
  120  13:01  Zealot x2  
  120  13:03  Immortal x2  
  120  13:12  Immortal  
  115  13:18  High Templar x2  
  119  13:28  Probe  
  119  13:29  Pylon  
  119  13:30  High Templar  
  119  13:31  High Templar x2  
  123  13:35  Archon  
  123  13:36  Immortal  
  123  13:37  Zealot  
  125  13:42  High Templar  
  125  13:45  Zealot x2  
  133  13:52  Zealot x2  
  136  13:56  Immortal  
  136  13:59  Probe  
  136  14:00  Probe x2  
  143  14:03  Probe  
  143  14:06  High Templar x2  
  146  14:11  Probe  
  146  14:12  Probe  
  142  14:20  Zealot  
  142  14:21  Zealot x6  
  141  14:42  High Templar x2, Nexus  
  141  14:43  High Templar  
  147  14:50  High Templar x2  
  151  14:55  Archon  
  151  14:56  Archon  
  151  14:58  Archon, Zealot x3  
  147  15:03  Zealot  
  111  15:15  Zealot x2  
  111  15:17  Probe  
  111  15:19  High Templar  
  111  15:20  High Templar  
  111  15:21  Probe  
  119  15:22  Probe  
  120  15:29  Probe  
  120  15:30  Zealot x5, Pylon  
  120  15:33  Probe  
  120  15:34  Probe  
  133  15:36  High Templar x2  
  137  15:43  Pylon  
  137  15:45  Immortal  
  141  15:51  High Templar  
  141  15:53  High Templar  
  145  15:58  Assimilator  
  145  16:02  Assimilator  
  145  16:16  Immortal  
  147  16:24  Immortal  
  121  16:36  Probe  
  121  16:37  Zealot x5  
  121  16:39  Probe  
  133  16:40  High Templar  
  135  16:52  High Templar  
  135  16:53  Immortal  
  137  16:59  Immortal  
  131  17:01  Zealot x2  
  131  17:02  Zealot x2  
  123  17:11  Zealot x3  
  118  17:18  High Templar  
  118  17:22  High Templar  
  122  17:23  Probe  
  122  17:24  Probe  
  122  17:28  Pylon  
  124  17:32  Zealot  
  124  17:36  Zealot x4  
  130  17:42  High Templar x2  
  134  17:48  Protoss Ground Weapons Level 3  
  134  17:50  Warp Prism  
  132  17:54  Zealot x2  
  136  18:04  High Templar x2  
  142  18:10  Archon  
  142  18:14  High Templar  
  140  18:22  Zealot x5  
  142  18:29  Zealot  
  144  18:46  Zealot x8  
  116  19:09  High Templar x5  
  116  19:10  Zealot x3  
  116  19:11  Zealot  
  124  19:19  Warp Prism  
  124  19:33  High Templar x2  
  124  19:34  Immortal  
  132  19:39  Archon, Nexus  
  132  19:42  Zealot x6  
  144  19:52  Pylon  
  136  19:53  Pylon  
  136  19:54  High Templar  
  138  20:06  High Templar x3  
  140  20:14  Zealot x5  
  150  20:23  Immortal  
  150  20:27  Shield Battery  
  150  20:28  Shield Battery  
  154  20:29  Photon Cannon  
  154  20:30  Photon Cannon  
  154  20:34  High Templar  
  154  20:35  High Templar  
  156  20:44  Zealot x6  
  132  21:09  Zealot x4  
  132  21:10  Zealot  
  103  21:19  Zealot x4  
  105  21:40  High Templar x7  
  105  21:44  Archon, Probe x2  
  105  21:45  Archon  
  105  21:46  Archon  
  119  21:54  Nexus  
  119  21:57  High Templar  
  119  21:58  High Templar  
  123  22:03  Pylon  
  120  22:21  Zealot x7  
  131  22:39  Zealot x2  
  135  22:45  Zealot x2  
  135  22:46  Zealot  
  125  23:06  Zealot x5  
  125  23:08  High Templar x4  
  125  23:10  Shield Battery  
  125  23:12  Nexus  
  137  23:13  Archon x2  
  131  23:29  Pylon  
  131  23:31  Pylon  
  131  23:32  Zealot x4  
  134  23:37  Zealot  
  113  23:51  Zealot x4  
  115  23:59  Stalker  
  107  24:07  High Templar x4  
  115  24:18  High Templar  
  117  24:33  Assimilator  
  117  24:37  Zealot x4  
  125  24:40  Zealot  
  125  24:41  Zealot x2  
  105  25:12  Zealot x8  
  107  25:21  High Templar  
  87  25:38  Zealot x5  
  87  25:39  Archon x2  
  87  25:40  Archon  
  83  25:44  Zealot  
Show
View Real Time Build Order
Export as new Build Order

Elazer Zerg - Winner!

Build Orders: Hatch First 

Get SALT Encoding   

  12  0:00  Drone  
  13  0:12  Overlord  
  13  0:17  Drone  
  14  0:31  Drone x2  
  16  0:48  Hatchery  
  15  0:51  Drone  
  15  0:54  Drone  
  17  0:58  Drone  
  18  1:09  Extractor  
  17  1:14  Spawning Pool  
  17  1:16  Drone  
  17  1:19  Drone  
  18  1:28  Drone  
  19  1:39  Drone  
  20  1:50  Overlord  
  20  2:00  Drone, Queen  
  20  2:01  Drone  
  24  2:03  Queen  
  26  2:09  Metabolic Boost  
  26  2:13  Zergling x2  
  26  2:15  Zergling x2  
  29  2:22  Drone  
  29  2:23  Drone  
  30  2:33  Drone x2  
  30  2:36  Queen  
  34  2:43  Evolution Chamber  
  33  2:47  Queen  
  33  2:50  Overlord  
  36  3:02  Drone  
  36  3:04  Hatchery  
  36  3:05  Zergling x2  
  36  3:10  Overlord  
  36  3:12  Drone x4  
  40  3:24  Drone x3  
  43  3:28  Overlord  
  43  3:42  Zergling x6  
  43  3:46  Spore Crawler, Roach Warren  
  43  3:47  Spore Crawler  
  43  3:50  Overlord  
  43  3:51  Drone x2  
  43  3:52  Drone  
  46  3:59  Lair, Drone x2  
  45  4:10  Overlord, Drone  
  46  4:22  Drone x4  
  46  4:23  Drone  
  51  4:26  Queen  
  51  4:30  Overlord  
  52  4:36  Drone x2  
  52  4:37  Drone x2  
  56  4:39  Spore Crawler, Drone  
  56  4:41  Drone x2  
  58  4:45  Spore Crawler  
  58  4:46  Spore Crawler, Extractor  
  58  4:48  Drone x2, Extractor  
  58  4:49  Drone  
  57  4:54  Drone x3  
  57  4:59  Drone, Hydralisk Den  
  60  5:02  Drone, Extractor  
  60  5:06  Drone x3  
  64  5:14  Drone x2  
  64  5:15  Drone, Extractor  
  64  5:17  Overlord  
  65  5:25  Overlord  
  65  5:26  Drone x2  
  67  5:32  Hydralisk x6  
  67  5:34  Zergling x2  
  80  5:40  Grooved Spines  
  80  5:45  Hydralisk  
  80  5:46  Hydralisk  
  81  5:59  Hydralisk x3  
  81  6:02  Queen  
  89  6:04  Overlord  
  89  6:11  Hydralisk x3  
  88  6:15  Hydralisk x2  
  88  6:18  Overlord x2  
  95  6:21  Zergling x6  
  95  6:23  Zergling x2  
  98  6:29  Overlord x3  
  98  6:37  Hydralisk x2  
  98  6:39  Hydralisk  
  102  6:44  Hatchery  
  99  6:51  Muscular Augments, Hydralisk x3  
  97  6:56  Hydralisk x2  
  97  7:00  Hydralisk x2  
  103  7:06  Hydralisk  
  103  7:08  Hydralisk  
  105  7:10  Zergling x8  
  105  7:13  Hydralisk  
  113  7:17  Hydralisk  
  113  7:19  Hydralisk  
  113  7:22  Zergling x6  
  120  7:30  Hydralisk x3  
  120  7:33  Zergling x4  
  128  7:44  Hydralisk x4  
  127  7:46  Zergling x2  
  127  7:47  Zergling x2  
  137  7:51  Overlord  
  135  8:03  Zergling x20  
  143  8:10  Zergling x12  
  149  8:17  Zergling x2  
  149  8:18  Zergling x2  
  128  8:28  Hydralisk  
  128  8:29  Hydralisk x4  
  122  8:35  Zergling x8  
  111  8:45  Hydralisk x3  
  111  8:46  Zergling x2  
  100  8:51  Hydralisk x2  
  96  8:56  Drone x3  
  96  8:58  Drone  
  96  9:00  Drone x2  
  102  9:03  Drone  
  102  9:06  Drone x2  
  105  9:15  Hydralisk x3  
  107  9:21  Hydralisk x2  
  111  9:28  Hydralisk x2  
  111  9:30  Hydralisk  
  117  9:38  Hydralisk x3  
  123  9:46  Hydralisk x3  
  128  9:53  Evolution Chamber  
  128  9:56  Hydralisk x4  
  124  10:08  Hydralisk x4  
  124  10:12  Drone x2  
  133  10:18  Hydralisk x2  
  137  10:22  Zerg Missile Weapons Level 1  
  137  10:25  Zergling x6  
  140  10:34  Hydralisk  
  140  10:35  Hydralisk x3  
  148  10:41  Drone  
  149  10:43  Hydralisk  
  149  10:45  Overlord  
  143  11:07  Drone x3  
  143  11:08  Drone x4  
  146  11:15  Baneling Nest, Drone  
  146  11:16  Drone  
  147  11:20  Drone x8  
  147  11:24  Overseer  
  155  11:26  Drone x5  
  155  11:30  Hatchery  
  159  11:41  Zergling x2  
  159  11:42  Overlord x2  
  159  11:43  Overlord x3  
  160  12:04  Zergling x2  
  160  12:05  Centrifical Hooks, Zergling x18  
  168  12:12  Zergling x2  
  168  12:13  Zergling x22  
  179  12:17  Zergling x4  
  181  12:25  Zergling x16  
  189  12:32  Zergling x6  
  190  12:38  Hydralisk  
  148  12:53  Hydralisk  
  148  12:54  Hydralisk x8  
  142  13:00  Hydralisk x3  
  139  13:11  Hydralisk x4  
  140  13:23  Hatchery  
  140  13:24  Hydralisk x2  
  143  13:28  Drone  
  143  13:30  Hydralisk x2  
  143  13:33  Zergling x4  
  150  13:39  Zergling x10  
  155  13:44  Zergling x8  
  156  13:54  Zergling x14  
  161  14:03  Zergling x4  
  161  14:04  Zergling x10  
  167  14:16  Zergling x8  
  154  14:27  Zergling x2  
  154  14:29  Baneling x19  
  154  14:30  Baneling x14  
  129  14:41  Hydralisk x4  
  130  14:45  Hydralisk  
  130  14:46  Hydralisk x2  
  130  14:50  Hydralisk x2  
  115  15:08  Hydralisk x8  
  115  15:16  Hydralisk x3  
  115  15:20  Hydralisk x2  
  113  15:24  Hydralisk x2  
  117  15:29  Zergling x8  
  117  15:31  Baneling x2  
  117  15:34  Zergling x8  
  125  15:39  Zergling x8  
  129  15:45  Hydralisk x3  
  129  15:49  Hydralisk  
  137  15:54  Baneling  
  137  15:55  Baneling x11  
  137  16:05  Baneling x10  
  137  16:07  Zergling x2  
  137  16:08  Zergling x10  
  142  16:20  Zergling x20  
  144  16:26  Zergling x8  
  144  16:32  Hydralisk x3  
  138  16:48  Baneling x9  
  138  16:53  Hydralisk x3  
  125  17:01  Hatchery  
  125  17:06  Hydralisk x5  
  113  17:11  Hydralisk x3  
  109  17:17  Hydralisk x2  
  109  17:21  Hydralisk x2  
  117  17:26  Hydralisk x2  
  121  17:36  Overseer  
  119  17:37  Drone x8  
  127  17:47  Hydralisk x4  
  135  17:52  Zergling x10  
  140  18:02  Zergling x10  
  145  18:06  Hydralisk  
  145  18:11  Hydralisk  
  145  18:12  Hydralisk x4  
  157  18:18  Zergling x8  
  158  18:30  Baneling  
  158  18:31  Baneling x6  
  158  18:34  Hydralisk x5  
  167  18:48  Zergling x24  
  160  18:56  Hydralisk x5  
  155  19:06  Hydralisk x2  
  151  19:13  Zergling x14  
  151  19:14  Extractor x2, Zergling x10  
  161  19:29  Zergling x2  
  161  19:30  Zergling x14  
  169  19:36  Extractor x2  
  169  19:37  Baneling x5  
  167  19:40  Zergling x12  
  173  19:47  Zergling x2  
  173  19:48  Zergling x8  
  173  19:52  Baneling  
  175  19:55  Zergling x6  
  178  20:02  Baneling x2  
  178  20:04  Zergling x10  
  174  20:18  Zergling x26  
  174  20:20  Hatchery  
  186  20:26  Extractor, Zergling x14  
  186  20:27  Extractor, Zergling x2  
  186  20:28  Baneling x6  
  192  20:34  Zergling x8  
  193  20:43  Zergling x10  
  193  20:44  Baneling x7  
  181  20:57  Zergling x28  
  174  21:04  Hydralisk  
  174  21:05  Hydralisk x2  
  174  21:10  Zergling x2  
  174  21:11  Zergling x4  
  147  21:14  Baneling x6  
  141  21:18  Hydralisk  
  141  21:22  Zergling x10  
  147  21:27  Hydralisk x2  
  151  21:42  Drone  
  152  21:48  Zergling x2  
  152  21:49  Hydralisk Den, Zergling x38  
  168  22:09  Baneling x12  
  156  22:27  Hydralisk x8  
  162  22:45  Zergling x2  
  162  22:46  Zergling x30  
  172  22:57  Hydralisk  
  172  22:58  Hydralisk x5  
  171  23:13  Hydralisk x4  
  172  23:23  Zergling x16  
  151  24:01  Zergling x26  
  157  24:07  Baneling x14  
  157  24:08  Baneling  
  156  24:13  Hatchery  
  156  24:16  Hydralisk x2  
  158  24:29  Hydralisk  
  158  24:30  Hydralisk x3  
  165  24:34  Hydralisk  
  167  24:39  Hydralisk x2  
  169  24:53  Zergling x12  
  151  25:11  Zergling x2  
  151  25:12  Zergling x16  
  148  25:18  Hydralisk x2  
Tags
 
Add a new tag
Caveats
  • Supply blocks, unpowered buildings, or Contaminate may cause inaccurate times.
  • Supply counts are checked every 10 seconds.